 Dungeon Crawl Stone Soup version 0.23.1 (webtiles) character file.

Game seed: 4751273800047090030

1384 Fang the Skirmisher (level 8, 0/78 HPs)
             Began as a Gargoyle Berserker on Mar 14, 2019.
             Was an Elder of Trog.
             Slain by an orc warrior
             ... wielding a +0 mace
              (8 damage)
             ... on level 6 of the Dungeon.
             The game lasted 00:07:34 (4548 turns).

Fang the Skirmisher (Gargoyle Berserker)            Turns: 4548, Time: 00:07:34

Health: 0/78       AC: 10    Str: 28    XL:     8   Next: 67%
Magic:  8/8        EV:  9    Int:  8    God:    Trog [****..]
Gold:   185        SH:  0    Dex:  9    Spells: 7/7 levels left

rFire    . . .     SeeInvis .   a - +0 hand axe
rCold    . . .     Gourm    .   (no shield)
rNeg     + . .     Faith    .   p - +0 plate armour
rPois    ∞         Spirit   .   (no helmet)
rElec    +         Reflect  .   (no cloak)
rCorr    .         Harm     .   (no gloves)
MR       .....                  (no boots)
Stlth    ..........             (no amulet)
HPRegen  0.23/turn              (no ring)
MPRegen  0.11/turn              (no ring)

@: berserking, corroded, very quick
A: negative energy resistance 1, electricity resistance, unbreathing,
petrification resistance, rot immunity, AC +5
a: Berserk, Trog's Hand, Brothers in Arms, Renounce Religion


You were on level 6 of the Dungeon.
You worshipped Trog.
Trog was greatly pleased with you.
You were hungry.

You visited 2 branches of the dungeon, and saw 7 of its levels.
You also visited: Sewer.

You collected 185 gold pieces.

Inventory:

Hand Weapons
 a - a +0 hand axe (weapon)
 C - a +1 vampiric war axe
Armour
 p - a +0 plate armour (worn)
Jewellery
 z - a cursed amulet of inaccuracy {unknown}
Scrolls
 d - 2 scrolls of enchant armour {unknown}
 g - 4 scrolls of remove curse {unknown}
 h - 6 scrolls of identify {unknown}
 j - a scroll of fog {unknown}
 m - 3 scrolls of magic mapping {unknown}
 n - a scroll of blinking {unknown}
 v - 2 scrolls of enchant weapon {unknown}
 x - a scroll of fear {unknown}
 y - 3 scrolls of teleportation {unknown}
Potions
 b - a potion of ambrosia {unknown}
 e - a potion of agility {unknown}
 f - 2 potions of flight {unknown}
 i - 5 potions of heal wounds {unknown}
 k - a potion of resistance {unknown}
 l - 4 potions of curing {unknown}
 o - a potion of berserk rage {unknown}
 q - 5 potions of brilliance {unknown}
 r - a potion of might {unknown}
 s - a potion of haste {unknown}
 t - a potion of invisibility {unknown}
 u - 2 potions of lignification {unknown}
 w - a potion of mutation {unknown}
 A - a potion of magic {unknown}
Comestibles
 c - 9 rations
 B - 8 chunks of flesh


   Skills:
 + Level 6.5 Fighting
 + Level 5.4 Axes
 + Level 6.0 Armour
 + Level 4.5 Dodging


You had 7 spell levels left.
You didn't know any spells.
Your spell library was empty.

Dungeon Overview and Level Annotations

Branches:
Dungeon (6/15)             Temple (1/1) D:5

Altars:
Cheibriados
Qazlal
Trog
Yredelemnul


Innate Abilities, Weirdness & Mutations

You are resistant to torment.
Your stone body is resilient. (AC +5)
You are immune to poison.
You resist negative energy. (rN+)
You are resistant to electric shocks. (rElec)
You can survive without breathing.
You are immune to petrification.
You are immune to rotting.


Message History

You barely miss the orc warrior.
The orc warrior is lightly wounded.
You hit the jelly but do no damage.
Your hands burn!
* * * LOW HITPOINT WARNING * * *
You hit the jackal.
The orc warrior hits you but does no damage.
The jackal barely misses you. The jelly barely misses you.
You hit the orc warrior.
The orc warrior is lightly wounded.
You slash the jackal!
You feel the power of Trog in you as your rage grows.
You kill the jackal!
Trog accepts your kill.
You slash the jelly!
You kill the jelly!
Trog accepts your kill.
You barely miss the orc warrior.
The orc warrior is lightly wounded.
The orc warrior hits you with a +0 mace!
You die...

#.# .. #<.
#######(#.# ###
#.........#
#......#### #...)).#
#......######
+......'....+ #
#......######...#
...........@oo....#
..........)).......
#.##...........#....
#. #######.....# ...
#.....# . +......+
#.....## #.....#


You could see an orc warrior and an orc wizard.

Vanquished Creatures
  Pikel (D:5)
  Edmund (D:5)
  2 slaves (D:5)
  An ogre (D:4)
  A phantom (D:5)
  2 big kobolds (Sewer)
  A bullfrog (D:4)
  A howler monkey (D:4)
  A hound (D:6)
  A jelly (D:6)
  An orc wizard (D:6)
  2 iguanas
  4 worker ants
  7 adders
  3 oozes
  A worm (D:3)
  2 dart slugs
  A leopard gecko (D:3)
  14 orcs
  7 ball pythons
  5 bats
  5 giant cockroaches
  7 goblins
  12 hobgoblins
  4 jackals
  3 quokkas
  8 frilled lizards
  19 kobolds
  10 rats
127 creatures vanquished.

Vanquished Creatures (others)
  2 slaves (D:5)
2 creatures vanquished.

Grand Total: 129 creatures vanquished

Notes
Turn   | Place    | Note
-------+----------+-------------------------------------------
     0 | D:1      | Fang the Gargoyle Berserker began the quest for the Orb.
     0 | D:1      | Reached XP level 1. HP: 14/14 MP: 1/1
   359 | D:1      | Reached XP level 2. HP: 19/19 MP: 2/2
   748 | D:2      | Reached XP level 3. HP: 23/23 MP: 3/3
   844 | D:2      | Reached ** piety under Trog
  1306 | D:2      | Reached XP level 4. HP: 21/29 MP: 4/4
  1381 | D:2      | Found a stormy altar of Qazlal.
  1840 | D:3      | Reached *** piety under Trog
  1843 | D:3      | Reached XP level 5. HP: 26/33 MP: 5/5
  1857 | D:3      | Found a glowing drain.
  1877 | Sewer    | Entered a sewer
  1894 | Sewer    | Noticed a big kobold
  1914 | Sewer    | Killed a big kobold
  1991 | Sewer    | Noticed a big kobold
  2012 | Sewer    | Killed a big kobold
  2012 | Sewer    | Reached XP level 6. HP: 28/39 MP: 6/6
  2610 | D:4      | Reached skill level 5 in Fighting
  2647 | D:4      | Reached XP level 7. HP: 16/44 MP: 7/7
  3205 | D:4      | Reached **** piety under Trog
  3658 | D:5      | Entered Level 5 of the Dungeon
  3711 | D:5      | Noticed Pikel
  3731 | D:5      | Killed Pikel
  3731 | D:5      | Reached skill level 5 in Axes
  3731 | D:5      | Reached skill level 5 in Armour
  3731 | D:5      | Reached XP level 8. HP: 43/51 MP: 8/8
  3825 | D:5      | Noticed Edmund
  3896 | D:5      | Killed Edmund
  4010 | D:5      | Found a bloodstained altar of Trog.
  4028 | D:5      | Found a staircase to the Ecumenical Temple.
  4054 | Temple   | Entered the Ecumenical Temple
  4548 | D:6      | Slain by an orc warrior

Skill      XL: |  1  2  3  4  5  6  7  8 |
---------------+-------------------------+-----
Axes           | 3 4 5 |  5.4
Dodging        | 2 3 4 |  4.5
Armour         | 3 4 5 6 |  6.0
Fighting       | 4 5 6 |  6.5

Action                   |  1- 3 |  4- 6 |  7- 9 || total
-------------------------+-------+-------+-------++-------
Melee: Hand axe          |   136 |   261 |   209 ||   606
Invok: Berserk           |       |     1 |     4 ||     5
  Eat: Chunk             |     1 |     5 |    11 ||    17
Armor: Chain mail        |    92 |   137 |       ||   229
       Animal skin       |     2 |       |       ||     2
       Plate armour      |       |    79 |   140 ||   219
Dodge: Dodged            |    73 |   115 |    84 ||   272
